 Dungeon Crawl Stone Soup version 0.21-a0-151-ga4fe563 (webtiles) character file.

986 wazuzu the Magician (level 7, -3/40 HPs)
             Began as a Deep Elf Ice Elementalist on July 30, 2017.
             Killed by nerve-wracking pain
             ... invoked by a shadow imp
              (7 damage)
             ... on level 4 of the Dungeon.
             The game lasted 00:17:31 (4256 turns).

wazuzu the Magician (Deep Elf Ice Elementalist)     Turns: 4256, Time: 00:17:32

Health: -3/40      AC:  4    Str:  5    XL:     7   Next: 97%
Magic:  12/20      EV: 13    Int: 22    God:
Gold:   213        SH:  0    Dex: 15    Spells: 12/19 levels left

rFire    . . .     SeeInvis .   i - +1 quarterstaff "Doamoe" {elec, rElec} (curse)
rCold    . . .     Gourm    .   (shield currently unavailable)
rNeg     . . .     Faith    .   a - +1 robe
rPois    .         Spirit   .   (no helmet)
rElec    +         Reflect  .   (no cloak)
rCorr    +         Harm     .   x - +0 pair of gloves (curse)
MR       .....                  (no boots)
Stlth    ++........             (no amulet)
HPRegen  0.53/turn              v - ring of resist corrosion
MPRegen  0.17/turn              r - ring of wizardry

@: no status effects
A: high mp 1, regeneration 1, robust 1
a: no special abilities


You were on level 4 of the Dungeon.
You were not hungry.

You visited 2 branches of the dungeon, and saw 6 of its levels.

You collected 213 gold pieces.

Inventory:

Hand Weapons
 i - the cursed +1 quarterstaff "Doamoe" (weapon) {elec, rElec}
   (You found it on level 4 of the Dungeon)

   Occasionally, upon striking a foe, it will discharge some electrical energy
   and cause terrible harm.
   It insulates you from electricity.
   It has a curse placed upon it.
Armour
 a - a +1 robe (worn)
 x - a cursed +0 pair of gloves (worn)
Jewellery
 h - an uncursed ring of stealth
 r - a ring of wizardry (right hand)
 v - a ring of resist corrosion (left hand)
 y - an uncursed amulet of the gourmand {unknown}
Wands
 l - a wand of lightning (0/15)
Scrolls
 e - a scroll of teleportation
 g - a scroll of magic mapping
 j - 3 scrolls of identify
 k - a scroll of enchant weapon
 q - 2 scrolls of remove curse
Potions
 f - a potion of degeneration {unknown}
 m - a potion of magic {unknown}
 n - 2 potions of cancellation {unknown}
 p - a potion of mutation
 u - 2 potions of flight {unknown}
 w - a potion of brilliance {unknown}
 A - a potion of lignification {unknown}
 B - a potion of agility {unknown}
Books
 b - a book of Frost

   Spells                             Type                      Level
   a - Freeze                         Ice                          1
   b - Throw Frost                    Conjuration/Ice              2
   c - Ozocubu's Armour               Charms/Ice                   3
   d - Throw Icicle                   Conjuration/Ice              4
   e - Summon Ice Beast               Ice/Summoning                4
Comestibles
 c - 4 bread rations
 d - a meat ration
 s - a royal jelly
 t - 4 fruits
 z - 5 chunks of flesh


   Skills:
 + Level 0.8 Fighting
 - Level 2.4 Dodging
 - Level 2.4 Stealth
 - Level 6.8 Spellcasting
 - Level 6.7 Conjurations
 - Level 6.0 Ice Magic


You had 12 spell levels left.
You knew the following spells:

 Your Spells              Type           Power        Failure   Level  Hunger
a - Freeze                Ice            ####         1%          1    None
b - Throw Frost           Conj/Ice       #####.       1%          2    None
c - Summon Ice Beast      Ice/Summ       ###.....     10%         4    ###....


Dungeon Overview and Level Annotations

Branches:
Dungeon (5/15)             Temple (1/1) D:4

Altars:
Ashenzari
Cheibriados
Dithmenos
Elyvilon
Fedhas
Gozag
Hepliaklqana
Makhleb
Nemelex Xobeh
Okawaru
Qazlal
Ru
Sif Muna
Trog
Uskayaw
Vehumet
Wu Jian
Xom
Yredelemnul
Zin
The Shining One


Innate Abilities, Weirdness & Mutations

You have an increased reservoir of magic. (+10% MP)
Your natural rate of healing is unusually fast.
You are robust. (+10% HP)


Message History

Aiming: Freeze
Press: ? - help, Shift-Dir - straight line, f/p - ogre
Aim: an ogre, wielding a giant club (moderately wounded)
You freeze the ogre.
The ogre is severely wounded.
The ogre hits you with a giant club!!
Ouch! That really hurt!
* * * LOW HITPOINT WARNING * * *
Unknown command.
The shadow imp gestures at you. Pain shoots through your body!
* * * LOW HITPOINT WARNING * * *
You climb upwards.
There is a stone staircase leading down here.
Okay, then.
Okay, then.
The ogre completely misses you. The shadow imp gestures at you.
Pain shoots through your body!
You die...

########## .........#
.#.###.#.# .........##
.#.###.#..# #####
#######
.#.#(#.#..#####.O.#
#.....#
.#.###.#(.....5>@.#
#.....#
..........#######.######
#.....# .#.###.#..#
#..#...####.....#
.........##
#....#..#..[.....
.........#
##..###...#......
.........#
##.#######......
.........#
#..##..........
#.....####
#####.##..........
#.....#
#......#..........


You could see an ogre and a shadow imp.

Vanquished Creatures
  2 yaks
  Edmund (D:4)
  An ogre (D:5)
  A hound (D:4)
  2 orc priests
  2 iguanas
  2 orc wizards
  3 worker ants
  5 adders
  A howler monkey skeleton (D:4)
  A shadow imp (D:5)
  An ooze (D:4)
  9 dart slugs (D:4)
  4 leopard geckos
  11 orcs
  5 giant cockroaches
  2 goblins (D:2)
  9 hobgoblins
  4 jackals
  5 kobolds
  2 quokkas
  12 bats
  5 frilled lizards
  A jackal zombie (D:5)
  8 rats
99 creatures vanquished.

Vanquished Creatures (collateral kills)
  The ghost of wazuzu the Changer, an amateur OgTm of Ru (D:4)
1 creature vanquished.

Grand Total: 100 creatures vanquished

Notes
Turn   | Place    | Note
-------+----------+-------------------------------------------
     0 | D:1      | wazuzu the Deep Elf Ice Elementalist began the quest for the Orb.
     0 | D:1      | Reached XP level 1. HP: 10/10 MP: 6/6
   253 | D:1      | Reached XP level 2. HP: 14/15 MP: 1/8
  1069 | D:2      | Learned a level 2 spell: Throw Frost
  1147 | D:2      | Reached XP level 3. HP: 19/19 MP: 5/10
  1226 | D:2      | Found a shadowy altar of Dithmenos.
  2010 | D:3      | Reached XP level 4. HP: 18/24 MP: 8/12
  2086 | D:3      | Gained mutation: Your natural rate of healing is unusually fast. [potion of mutation]
  2086 | D:3      | Gained mutation: You have an increased reservoir of magic. (+10% MP) [potion of mutation]
  2086 | D:3      | Gained mutation: You are robust. (+10% HP) [potion of mutation]
  2124 | D:3      | Found a snail-covered altar of Cheibriados.
  2206 | D:3      | Found a hazy altar of Hepliaklqana.
  2324 | D:3      | Found an iron altar of Okawaru.
  2339 | D:3      | Found a shimmering altar of Xom.
  2411 | D:3      | Reached XP level 5. HP: 11/30 MP: 9/15
  2411 | D:3      | HP: 1/30 [something/puff of flame (10)]
  2460 | D:3      | Found an ornate altar of the Wu Jian Council.
  2882 | D:4      | You fall through a shaft!
  2882 | D:5      | Entered Level 5 of the Dungeon
  2882 | D:5      | Noticed an ogre
  2889 | D:5      | Killed an ogre
  2889 | D:5      | Reached skill level 5 in Spellcasting
  2889 | D:5      | Reached XP level 6. HP: 35/35 MP: 12/17
  2892 | D:5      | Reached skill level 5 in Ice Magic
  2920 | D:4      | Noticed wazuzu's ghost (amateur OgTm)
  2926 | D:4      | Found a blossoming altar of Fedhas.
  3063 | D:4      | Got a twisted quarterstaff
  3077 | D:3      | Identified the cursed +1 quarterstaff "Doamoe" {elec, rElec} (You found it on level 4 of the Dungeon)
  3130 | D:4      | Found a staircase to the Ecumenical Temple.
  3148 | Temple   | Entered the Ecumenical Temple
  3403 | D:4      | Learned a level 4 spell: Summon Ice Beast
  3472 | D:4      | Noticed Edmund
  3521 | D:4      | Killed Edmund
  3521 | D:4      | Reached skill level 5 in Conjurations
  3717 | D:4      | Reached XP level 7. HP: 27/39 MP: 11/19
  3934 | D:4      | Killed wazuzu's ghost
  4112 | D:5      | Noticed a yak
  4132 | D:5      | Killed a yak
  4133 | D:5      | Noticed a yak
  4136 | D:5      | Noticed a yak
  4155 | D:4      | Killed a yak
  4256 | D:4      | Killed from afar by a shadow imp

Vault maps used:
D:1:      elethiomel_arrival_quiet
D:2:      nicolae_overflow_crystal_walls
D:3:      lemuel_coloured_pillars_altar, lemuel_round_altar, minitemple,
          lemuel_doored_altar
D:4:      kennysheep_slugbush, kennysheep_mini_moat,
          minmay_temple_entry_crystal_x, first_bread, minmay_surrounded,
          uniq_edmund
D:5:      yredelemnul_altar_generic
Temple:   minmay_temple_curvy_branch

Skill      XL: |  1  2  3  4  5  6  7 |
---------------+----------------------+-----
Ice Magic      | 4 5 6 |  6.0
Spellcasting   | 4 5 6 |  6.8
Conjurations   | 2 3 4 5 6 |  6.7
Fighting       | |  0.8
Dodging        | |  2.4
Stealth        | |  2.4

Action                   |  1- 3 |  4- 6 |  7- 9 || total
-------------------------+-------+-------+-------++-------
Melee: Unarmed           |     9 |     1 |       ||    10
       Quarterstaff      |       |     1 |    13 ||    14
 Cast: Freeze            |    69 |    75 |    36 ||   180
       Throw Frost       |     1 |    10 |     2 ||    13
       Summon Ice Beast  |       |       |     2 ||     2
Evoke: Wand              |       |     5 |       ||     5
  Use: Scroll            |       |    15 |       ||    15
       Potion            |       |     2 |     1 ||     3
  Eat: Chunk             |     3 |     5 |     2 ||    10
Armor: Robe              |    11 |     5 |     1 ||    17
Dodge: Dodged            |    43 |    38 |    34 ||   115
